AoeStats
← ITA | Raffy

African Clearing

504742634Analyzed
3v3 RM · 25d ago on Sep 6, 2026· 30m 40s· 6 players
Game mode
Random Map
Map size
Normal (6 player)
Population
200
Speed
Normal
Resources
Standard
Victory
Conquest
Starting age
Dark Age
Ending age
Imperial Age
RankedLock teamsTeams togetherTeam positionsShared explorationLock speedFull tech treeHidden civsTurbo modeCheats
Victory
Defeat
🇮🇹 Italians · Italy
1494
+12
1398
+16
🇮🇹 Berbers · Italy
1281
+20
🇫🇷 Vietnamese · France
1440
-18
🇮🇳 Khmer · India
1394
-16
🇨🇭 Berbers · Switzerland
1342
-14
ITA | CivettaAviotrasportata
11:01 Loom
13:26 Feudal Age
17:18 Castle Age
15:12 Double-Bit Axe
16:00 Gold Mining
15:56 Horse Collar
18:25 Bow Saw
19:48 Fletching
20:36 Bodkin Arrow
24:21 Ballistics
25:09 Padded Archer Armor
27:43 Wheelbarrow
Monesi28
3:06 Loom
12:06 Feudal Age
21:11 Fletching
24:50 Castle Age
24:54 Crossbowman
25:30 Bodkin Arrow
25:36 Gold Mining
27:28 Crossbowman
ITA | Raffy
3:28 Loom
13:10 Feudal Age
15:05 Double-Bit Axe
16:31 Horse Collar
18:33 Scale Barding Armor
23:56 Castle Age
22:58 Bloodlines
23:38 Forging
24:46 Wheelbarrow
25:00 Chain Barding Armor
24:02 Light Cavalry
25:37 Husbandry
25:58 Bow Saw
Soppi
9:49 Loom
12:26 Feudal Age
15:20 Double-Bit Axe
17:12 Fletching
23:25 Wheelbarrow
27:59 Castle Age
28:01 Crossbowman
28:40 Bodkin Arrow
jAi
4:03 Loom
14:01 Feudal Age
18:19 Castle Age
20:22 Husbandry
20:59 Double-Bit Axe
26:03 Bow Saw
27:27 Town Watch
31:24 Forging
FLEJEUNE
5:07 Loom
12:20 Feudal Age
13:44 Double-Bit Axe
15:53 Wheelbarrow
15:53 Scale Barding Armor
17:06 Forging
17:32 Bloodlines
19:17 Town Watch
22:56 Castle Age
22:59 Light Cavalry
23:40 Husbandry
24:41 Horse Collar
Connection lost

Rejoining the realm…

Still unreachable

The connection could not be restored.

Session expired

The server has moved on; the page needs a fresh start.